[Event "*** SCC Grand Prix: Titled Tuesday Blitz"]
[Site "Chess.com"]
[Date "2020.08.25"]
[Round "4"]
[White "NoboaKevin1999"]
[Black "reutik"]
[Result "0-1"]
[WhiteElo "2423"]
[BlackElo "2277"]
[TimeControl "180+1"]
[EndTime "10:40:46 PDT"]
[Termination "reutik won on time"]

1. d4 Nf6 2. c4 e6 3. Nc3 Bb4 4. e3 c5 5. Bd3 Nc6 6. Ne2 cxd4 7. exd4 d5 8. O-O dxc4 9. Bxc4 O-O 10. Be3 b6 11. a3 Be7 12. Qd3 Bb7 13. Rad1 Rc8 14. Ba2 g6 15. Bh6 Re8 16. Qh3 Qd7 17. d5 exd5 18.
Qxd7 Nxd7 19. Nxd5 Bf8 20. Bxf8 Kxf8 21. Nec3 Nc5 22. Nf6 Re5 23. b4 Kg7 24. Ng4 Rg5 25.
bxc5 Rxg4 26. cxb6 axb6 27. Rd7 Ba6 28. Rxf7+ Kh6 29. Re1 Nd8 30. Rf3 Bb7 31. Rh3+ Kg7 32. Nd5 Re4 33. Rd1 Rc2 34. Bb1 Rd2 35. Rc1 Rc4 36. Re1 Bxd5 37. Re7+ Kf6 38. Re1 Rcd4 39. Rhe3 Rd1 40. h4 Ne6 0-1

[Event "*** SCC Grand Prix: Titled Tuesday Blitz"]
[Site "Chess.com"]
[Date "2020.08.25"]
[Round "4"]
[White "Brave_spirit12"]
[Black "Kobalia"]
[Result "1/2-1/2"]
[WhiteElo "2546"]
[BlackElo "2767"]
[TimeControl "180+1"]
[EndTime "10:40:47 PDT"]
[Termination "Game drawn by repetition"]

1. e4 c5 2. c3 Nf6 3. e5 Nd5 4. Nf3 e6 5. d4 cxd4 6. cxd4 d6 7. Nc3 Nxc3 8. bxc3 dxe5 9. Nxe5 Nd7 10. Bf4 Be7 11.
Bb5 O-O 12. Bxd7 Bxd7 13. Nxd7 Qxd7 14. O-O Rfc8 15. Qb3 b5 16. a4 bxa4 17. Rxa4 Rxc3 18. Rxa7 Qxa7 19. Qxc3 Rd8 20. Be3 Bf6 21. Rd1 Qb7 22. h3 Qd5 23. Rc1 h6 24. Rd1 e5 25. Qd3 exd4 26.
Bf4 Rc8 27. Kh2 Qe6 28. Qg3 Rc3 29. Qg4 Qxg4 30. hxg4 d3 31. Kg3 Bd4 32. Kf3 Bb6 33.
Be3 Bxe3 34. Kxe3 Rc4 35. f3 Rc2 36. Rd2 Rc6 37. Rxd3 Re6+ 38. Kf4 g6 39. Rd8+ Kg7 40. g5 hxg5+ 41. Kxg5 Re2 42. g4 Ra2 43. Kf4 Ra4+ 44. Kg3 g5 45. Rd5 f6 46. Rb5 Kg6 47. Rb8 Ra3 48. Rg8+ Kf7 49. Rb8 Kg6 50. Rg8+ Kf7 51. Rb8 Kg6 1/2-1/2

[Event "*** SCC Grand Prix: Titled Tuesday Blitz"]
[Site "Chess.com"]
[Date "2020.08.25"]
[Round "4"]
[White "cukin84"]
[Black "GelmanAlexander"]
[Result "0-1"]
[WhiteElo "2052"]
[BlackElo "2544"]
[TimeControl "180+1"]
[EndTime "10:40:47 PDT"]
[Termination "GelmanAlexander won by resignation"]

1. e4 c5 2. Nc3 e6 3. f4 a6 4. Nf3 d6 5. g3 Nc6 6. Bg2 Nf6 7. d3 Be7 8. O-O O-O 9. h3 Bd7 10. Kh2 h6 11. Be3 b5 12. Qd2 b4 13. Nd1 a5 14. g4 a4 15. f5 a3 16. b3 Nh7 17.
Rb1 Bf6 18. e5 Nxe5 19. Nxe5 Bxe5+ 20. Kh1 Rc8 21. Nf2 Bc6 22. Ne4 Nf6 23. g5 Nxe4 24. dxe4 hxg5 25. Bxg5 f6 26. Be3 exf5 27. Rxf5 Qe7 28.
Rbf1 Bc3 29. Qd3 Rce8 30. Bf4 Rd8 31. Rd5 Bxd5 32. exd5 f5 33. Rf2 Rde8 34. Kh2 Be5 35. Qg3 Bxf4 36. Rxf4 Qe5 37. h4 Rf6 38. h5 Rh6 39. Bf3 Kh8 40. Kh3 Rf6 41. Qg5 Qe3 42. Kh4 Qf2+ 43. Kh3 Re3 44. Qg3 Qxc2 45. Kh4 Qxa2 46.
Kg5 Qd2 47. Qh4 Rxf3 48. h6 Qxf4+ 49. Qxf4 Rxf4 50. hxg7+ Kxg7 51. Kxf4 a2 0-1

[Event "*** SCC Grand Prix: Titled Tuesday Blitz"]
[Site "Chess.com"]
[Date "2020.08.25"]
[Round "4"]
[White "chito89"]
[Black "QuintilianoR"]
[Result "1-0"]
[WhiteElo "2784"]
[BlackElo "2617"]
[TimeControl "180+1"]
[EndTime "10:40:48 PDT"]
[Termination "chito89 won on time"]

1. Nf3 Nf6 2. c4 e6 3. b3 d5 4. Bb2 Be7 5. e3 O-O 6. Nc3 b6 7. cxd5 exd5 8. Rc1 Bb7 9. d4 a6 10. g3 Nbd7 11. Bg2 Bd6 12. O-O Qe7 13. Re1 Ne4 14.
Re2 Rac8 15. Rec2 f5 16. Ne2 c6 17. Nf4 g5 18. Nd3 f4 19. exf4 gxf4 20. Nfe5 fxg3 21. Qg4+ Kh8 22. Qxd7 gxh2+ 23. Kh1 Qg5 24. Nf7+ Rxf7 25. Qxf7 Rg8 26. Qf3 Bc8 27. Ne5 Be6 28. Rxc6 Rf8 29. Rc8 Bxc8 30. Rxc8 Qg7 31. Rxf8+ Bxf8 32. Kxh2 Qh6+ 33.
Kg1 1-0

[Event "*** SCC Grand Prix: Titled Tuesday Blitz"]
[Site "Chess.com"]
[Date "2020.08.25"]
[Round "4"]
[White "RodinMihail"]
[Black "kuban1991"]
[Result "0-1"]
[WhiteElo "2501"]
[BlackElo "2812"]
[TimeControl "180+1"]
[EndTime "10:40:48 PDT"]
[Termination "kuban1991 won by resignation"]

1. e4 g6 2. d4 Bg7 3. Nc3 c6 4. f4 d5 5. e5 Nh6 6. Nf3 f6 7. Bd3 Bg4 8. h3 Bxf3 9. Qxf3 O-O 10. Qe2 e6 11. O-O Nd7 12. Be3 c5 13. dxc5 fxe5 14. fxe5 Nf5 15. Bxf5 Rxf5 16. Rxf5 gxf5 17. Bd4 Rc8 18.
b4 Qh4 19. Rd1 Qf4 20. Nb5 Nxe5 21. Nd6 Rc7 22. c3 Re7 23. a4 Ng6 24. b5 Bh6 25. c6 Qxd6 26. Qf2 b6 27. c4 dxc4 28. Bf6 Qxd1+ 29. Kh2 Rf7 30. Qb2 Bf4+ 31. g3 Qd2+ 32. Qxd2 Bxd2 33. Bd8 c3 34. c7 Rxc7 35. Bxc7 c2 36.
Be5 0-1

[Event "*** SCC Grand Prix: Titled Tuesday Blitz"]
[Site "Chess.com"]
[Date "2020.08.25"]
[Round "4"]
[White "ural58"]
[Black "VMikhalevski"]
[Result "0-1"]
[WhiteElo "2495"]
[BlackElo "2729"]
[TimeControl "180+1"]
[EndTime "10:40:50 PDT"]
[Termination "VMikhalevski won by resignation"]

1. e4 e5 2. f4 exf4 3. Bc4 Nf6 4. Nc3 Bb4 5. e5 d5 6. Bb5+ c6 7. exf6 cxb5 8. Qe2+ Be6 9. fxg7 Rg8 10. Nh3 Qh4+ 11.
Qf2 Qxf2+ 12. Nxf2 Nc6 13. Nxb5 O-O-O 14. c3 Be7 15. d4 Rxg7 16. Bxf4 Rxg2 17. Kf1 Rg6 18.
Rg1 a6 19. Na3 Bxa3 20. bxa3 Na5 21. Rxg6 hxg6 22. Bg5 Rh8 23. h4 Nc4 24. Nd3 Bf5 25. Nf4 Be4 26. a4 Kd7 27. Kf2 Nd6 28. Bf6 Rc8 29. Rc1 Bf5 30. Nxd5 Ke6 31. Nb6 Kxf6 32.
Nxc8 Bxc8 33. c4 Nf5 34. h5 gxh5 35. d5 Ke5 36. a5 Kd6 37. Kf3 Kc5 38. Kf4 Nd6 39.
Ke5 Nxc4+ 40. Kf6 Kxd5 41. Kxf7 h4 42. Rd1+ Kc5 43. Rd8 Bg4 44. Rg8 h3 45. Rxg4 Ne5+ 0-1

[Event "*** SCC Grand Prix: Titled Tuesday Blitz"]
[Site "Chess.com"]
[Date "2020.08.25"]
[Round "4"]
[White "Violord"]
[Black "GMHess"]
[Result "1-0"]
[WhiteElo "2651"]
[BlackElo "2795"]
[TimeControl "180+1"]
[EndTime "10:40:51 PDT"]
[Termination "Violord won on time"]

1. e4 d6 2. d4 Nf6 3. Nc3 c6 4. f4 Qa5 5. Bd3 d5 6. e5 Ne4 7. Ne2 f5 8. O-O Be6 9. Be3 Nd7 10. a3 Qc7 11. Kh1 h6 12. Ng1 O-O-O 13. Nf3 Bf7 14. Qe1 e6 15. b4 Be7 16. b5 c5 17. dxc5 Ndxc5 18. Nd4 g5 19. Nce2 gxf4 20. Bxf4 Bg5 21. Qb4 Kb8 22. a4 Bxf4 23. Nxf4 Qxe5 24. a5 Qd6 25.
Qb2 Nd2 26. a6 Nxf1 27. Rxf1 e5 28. Nxf5 Qf6 29. axb7 Rhf8 30. b6 axb6 31. Ne2 Nxd3 32. cxd3 Bg6 33. Neg3 e4 34. Qa3 Kxb7 35. dxe4 Ra8 36.
Qf3 dxe4 37. Qxe4+ Qc6 38. Qe7+ Ka6 39. Ra1+ Kb5 40. Qe2+ 1-0

[Event "*** SCC Grand Prix: Titled Tuesday Blitz"]
[Site "Chess.com"]
[Date "2020.08.25"]
[Round "4"]
[White "Semen_Khanin"]
[Black "frederiksvane"]
[Result "0-1"]
[WhiteElo "2770"]
[BlackElo "2643"]
[TimeControl "180+1"]
[EndTime "10:40:51 PDT"]
[Termination "frederiksvane won by resignation"]

1. e4 c5 2. Nf3 g6 3. d4 cxd4 4. Qxd4 Nf6 5. Nc3 Nc6 6. Qa4 d6 7. e5 dxe5 8. Nxe5 Bg7 9. Nxc6 bxc6 10. Qxc6+ Bd7 11. Qf3 O-O 12. Be2 Bf5 13. Bd3 Bxd3 14. Qxd3 Qxd3 15. cxd3 Rab8 16. Rb1 Rfd8 17. Ke2 Nd5 18.
Nxd5 Rxd5 19. Be3 Rxb2+ 20. Rxb2 Bxb2 21. Rb1 Bd4 22. a4 Bxe3 23. fxe3 Ra5 24. Rb4 Kf8 25. d4 Ke8 26. Kd3 Kd7 27. e4 f5 28. e5 Kc6 29.
Kc4 e6 30. Kb3 Kd5 31. Kc3 Ra6 32. Kd3 Rb6 33. Rb5+ Rxb5 34. axb5 f4 35. h4 h6 36. Kc3 g5 37. h5 g4 38. Kd3 f3 39. gxf3 gxf3 40.
Ke3 f2 41. Kxf2 Kxd4 42. Kf3 Kxe5 43. Ke3 Kf5 44. Kd4 e5+ 45. Kd5 e4 0-1

[Event "*** SCC Grand Prix: Titled Tuesday Blitz"]
[Site "Chess.com"]
[Date "2020.08.25"]
[Round "4"]
[White "Sophist4Life"]
[Black "azikom"]
[Result "0-1"]
[WhiteElo "2442"]
[BlackElo "2615"]
[TimeControl "180+1"]
[EndTime "10:40:51 PDT"]
[Termination "azikom won by resignation"]

1. d4 d6 2. c4 Nd7 3. Nc3 e5 4. d5 Ngf6 5. e4 g6 6. f3 Bg7 7.
Be3 O-O 8. Bd3 Nh5 9. Nge2 Nc5 10. b4 Nxd3+ 11. Qxd3 f5 12. O-O Bd7 13. c5 Qe7 14. a4 Nf6 15. Rac1 a6 16. Kh1 h5 17. Rfe1 Kh7 18. h3 f4 19. Bg1 g5 20. b5 g4 21. c6 bxc6 22. dxc6 Be6 23. Nd5 Nxd5 24. exd5+ Bf5 25. Qb3 gxh3 26. Nxf4 hxg2+ 27. Nxg2 axb5 28. axb5 Bh3 29. b6 cxb6 30. c7 Qg5 31. Qc2+ Bf5 32.
Qf2 Rg8 33. Qh4 Qg6 34. Ne3 Bf6 35. Qh2 Bd7 36. Bf2 Bg5 37. Rg1 Qf7 38. Rg3 Bf4 39.
Rxg8 Rxg8 40. Qh4 Bxe3 41. Bxe3 Qxf3+ 0-1

[Event "*** SCC Grand Prix: Titled Tuesday Blitz"]
[Site "Chess.com"]
[Date "2020.08.25"]
[Round "4"]
[White "SharapovEvgeny"]
[Black "SGchess01"]
[Result "1/2-1/2"]
[WhiteElo "2438"]
[BlackElo "2724"]
[TimeControl "180+1"]
[EndTime "10:40:51 PDT"]
[Termination "Game drawn by agreement"]

1. c4 Nf6 2. Nc3 e5 3. g3 d5 4.
cxd5 Nxd5 5. Bg2 Nb6 6. Nf3 Nc6 7. O-O Be7 8. d3 O-O 9. b3 Re8 10. Bb2 Bf8 11. Rc1 Bg4 12. h3 Bh5 13. Ne4 Nd4 14.
e3 Nxf3+ 15. Bxf3 Bxf3 16. Qxf3 c6 17. Rfd1 Qd7 18. g4 Rad8 19. d4 exd4 20. Rxd4 Qe6 21.
Nc5 Bxc5 22. Rxc5 h6 23. Rxd8 Rxd8 24. Re5 Qg6 25. Re7 Rd7 26. Rxd7 Nxd7 27. Qf5 Qxf5 28.
gxf5 g6 29. fxg6 fxg6 30. Kg2 Kf7 31. e4 Nc5 32. Kf3 b6 33. Ke3 g5 34. Bd4 Ne6 35.
Be5 b5 36. b4 a6 37. f3 h5 38. f4 gxf4+ 39. Bxf4 c5 40. bxc5 Nxc5 41. Bd6 Nd7 42. Kd4 Ke6 43. e5 Nb6 44. Kc5 Nc4 45. Kc6 h4 46. Kb7 a5 47. Ka6 b4 48. Kb5 Nxd6+ 49. exd6 Kxd6 50. Kxa5 Kc5 51. Ka4 Kc4 52. Ka5 Kc3 53.
Kb5 b3 54. axb3 Kxb3 55. Ka5 Kc3 56. Ka4 Kd3 57. Kb3 Ke3 58. Kc2 Kf3 59. Kd2 Kg3 60.
Ke2 Kxh3 61. Kf1 Kh2 62. Kf2 h3 63. Kf1 Kg3 64. Kg1 1/2-1/2

[Event "*** SCC Grand Prix: Titled Tuesday Blitz"]
[Site "Chess.com"]
[Date "2020.08.25"]
[Round "4"]
[White "snowlord"]
[Black "Mikasinski"]
[Result "1-0"]
[WhiteElo "2801"]
[BlackElo "2346"]
[TimeControl "180+1"]
[EndTime "10:40:51 PDT"]
[Termination "snowlord won by resignation"]

1. e4 c5 2. Nc3 Nc6 3. Bb5 Nd4 4.
Nf3 e6 5. O-O g6 6. Nxd4 cxd4 7. Ne2 Bg7 8. c3 a6 9. Bc4 b5 10. Bb3 dxc3 11. dxc3 Bb7 12. Ng3 Ne7 13. Bf4 d5 14. exd5 Nxd5 15. Bd2 O-O 16. Qe2 Qc7 17.
Rad1 Rad8 18. Bg5 Rd7 19. Qg4 Qc6 20. Qe4 h6 21. Bc1 Rfd8 22. h4 Nf6 23. Qxc6 Bxc6 24. Ne2 Rxd1 25. Bxd1 Ne4 26. Bc2 Nc5 27. Be3 Nb7 28. Nd4 Bd5 29. a4 e5 30. Nf3 Bc4 31.
Ra1 f5 32. axb5 axb5 33. Ra7 Nd6 34. Bb6 Re8 35. Bc5 Nf7 36. h5 e4 37. Nh4 gxh5 38. Nxf5 Bf8 39. Be3 Bd3 40. Bb3 Bc4 41. Bd1 Be6 42. Bxh5 Bxf5 43. Bxf7+ 1-0

[Event "*** SCC Grand Prix: Titled Tuesday Blitz"]
[Site "Chess.com"]
[Date "2020.08.25"]
[Round "4"]
[White "GMAkobianSTL"]
[Black "albi1999"]
[Result "0-1"]
[WhiteElo "2832"]
[BlackElo "2532"]
[TimeControl "180+1"]
[EndTime "10:40:52 PDT"]
[Termination "albi1999 won on time"]

1. d4 d5 2. c4 e6 3. Nc3 Nf6 4. cxd5 Nxd5 5. e4 Nxc3 6. bxc3 c5 7. Rb1 Be7 8. Nf3 O-O 9. Bc4 Qc7 10. Qe2 a6 11. a4 Bd7 12. O-O Bxa4 13. d5 b5 14. Bd3 c4 15. Bc2 Bxc2 16. Qxc2 Nd7 17. dxe6 fxe6 18.
Nd4 Nc5 19. Ba3 Rfe8 20. f4 Rad8 21. e5 Nd3 22. Bxe7 Rxe7 23. Kh1 Qb6 24. Qa2 Rc7 25.
f5 exf5 26. Rxf5 b4 27. e6 Qd6 28. Qa5 bxc3 29. Qxc3 g6 30. Rf7 Nf2+ 31. Rxf2 Qxd4 32. Qf3 c3 33. h3 c2 34. Rc1 Qd1+ 35. Rf1 Qxf3 36. gxf3 Rd2 0-1

[Event "*** SCC Grand Prix: Titled Tuesday Blitz"]
[Site "Chess.com"]
[Date "2020.08.25"]
[Round "4"]
[White "Shivagami"]
[Black "chenxiaoyuer"]
[Result "0-1"]
[WhiteElo "2235"]
[BlackElo "2425"]
[TimeControl "180+1"]
[EndTime "10:40:52 PDT"]
[Termination "chenxiaoyuer won by checkmate"]

1. f4 d5 2. Nf3 Bg4 3. Ne5 Bf5 4. d3 Nf6 5. g3 Nbd7 6. Nf3 c5 7. Bg2 e6 8. O-O Bd6 9. Nbd2 O-O 10. Qe1 d4 11. Nc4 Bc7 12. e4 dxe3 13. Nxe3 Bg6 14. b3 Nb6 15. Bb2 Nbd5 16. Nc4 b5 17. Nce5 Nd7 18. Nc6 Qe8 19. c4 bxc4 20. dxc4 Nb4 21. Nxb4 cxb4 22.
Qxb4 Bb6+ 23. Kh1 Rb8 24. Qc3 f6 25. Rfe1 Nc5 26. Nd4 Qf7 27. Rad1 Rbd8 28. Ba3 e5 29. fxe5 fxe5 30. Nc6 Rxd1 31. Rxd1 Ne4 32. Qe1 Nf2+ 33. Kg1 Nxd1+ 34. Kh1 Nf2+ 35. Kg1 Nd3+ 36. Kh1 Nxe1 37. Bd5 Qxd5+ 38. cxd5 Be4# 0-1

[Event "*** SCC Grand Prix: Titled Tuesday Blitz"]
[Site "Chess.com"]
[Date "2020.08.25"]
[Round "4"]
[White "chesslh19"]
[Black "AntonovaNadezhda"]
[Result "1-0"]
[WhiteElo "2220"]
[BlackElo "2024"]
[TimeControl "180+1"]
[EndTime "10:40:52 PDT"]
[Termination "chesslh19 won by resignation"]

1. e4 c5 2. Nf3 d6 3. d4 cxd4 4. Nxd4 Nf6 5. Nc3 a6 6. Be2 e5 7. Nb3 Be7 8. O-O O-O 9. Be3 Nbd7 10. a4 b6 11. Nd5 Nxd5 12. Qxd5 Rb8 13. Qd2 Bb7 14.
f3 Qc7 15. c4 Nc5 16. Nc1 a5 17.
b3 h6 18. Rb1 Bc6 19. Na2 f5 20. exf5 Rxf5 21. Nc3 Ne6 22. Nd5 Bxd5 23. Qxd5 Rf6 24. Bd3 Kh8 25. Be4 Rc8 26. Rbd1 Nc5 27. Bxc5 dxc5 28.
Qd7 Bf8 29. Qxc7 Rxc7 30. Rd8 g6 31. Rfd1 Kg7 32. R8d7+ Rf7 33. Rxc7 Rxc7 34. Kf1 Be7 35. Ke2 Bg5 36. g3 Kf6 37. h4 Re7 38. hxg5+ hxg5 39. Rd6+ Kg7 40. Rxg6+ 1-0

[Event "*** SCC Grand Prix: Titled Tuesday Blitz"]
[Site "Chess.com"]
[Date "2020.08.25"]
[Round "4"]
[White "Colombiano07"]
[Black "MYMChessAcademy"]
[Result "1-0"]
[WhiteElo "2318"]
[BlackElo "2115"]
[TimeControl "180+1"]
[EndTime "10:40:52 PDT"]
[Termination "Colombiano07 won by checkmate"]

1. d4 Nf6 2. Nf3 g6 3. Bf4 Bg7 4. e3 O-O 5. Be2 d6 6. O-O Nc6 7. h3 Nd7 8. c3 e5 9. Bh2 f5 10.
a4 e4 11. Nfd2 d5 12. c4 Nb6 13. a5 Nxc4 14. Nxc4 dxc4 15. Bxc4+ Kh8 16. Nc3 g5 17. Qh5 Bd7 18. a6 Be8 19. Qe2 bxa6 20. Rxa6 Nb4 21.
Ra5 c6 22. Rfa1 Bg6 23. Rxa7 Rxa7 24. Rxa7 f4 25. Qg4 fxe3 26. fxe3 Qf6 27. Bg3 Nc2 28.
Qe2 Nxd4 29. exd4 Qxd4+ 30. Bf2 Rxf2 31. Qxf2 Qxf2+ 32. Kxf2 Bd4+ 33. Kg3 Bxa7 34. Kg4 Be3 35. Kg3 h5 36. b3 Bd2 37. Ne2 e3 38. Kf3 h4 39.
Kg4 Be4 40. Kxg5 Bxg2 41. Kxh4 Bd5 42. Bxd5 cxd5 43. Kg4 Bc3 44. Nxc3 d4 45. Kf3 d3 46.
Kxe3 Kg7 47. Kxd3 Kh8 48. b4 Kg7 49. b5 Kh8 50. b6 Kg7 51. b7 Kh8 52. b8=Q+ Kg7 53.
Qg3+ Kh8 54. Ke4 Kh7 55. Kf5 Kh8 56. Kf6 Kh7 57. Qg7# 1-0

[Event "*** SCC Grand Prix: Titled Tuesday Blitz"]
[Site "Chess.com"]
[Date "2020.08.25"]
[Round "4"]
[White "Irishchessman16"]
[Black "Blagorod"]
[Result "0-1"]
[WhiteElo "2335"]
[BlackElo "2149"]
[TimeControl "180+1"]
[EndTime "10:40:53 PDT"]
[Termination "Blagorod won by resignation"]

1. e4 e5 2. Nf3 Nf6 3. Nc3 Bb4 4. d3 d5 5. exd5 Nxd5 6. Bd2 O-O 7. g3 Bg4 8. Bg2 Re8 9. O-O Bxc3 10. bxc3 Nc6 11. Re1 h6 12. Rb1 Rb8 13. Qc1 Qf6 14. Nh4 Nde7 15.
Re4 Be6 16. Ra4 a6 17. Qe1 Bd5 18. Bxd5 Nxd5 19. Qe4 Nb6 20. Ra3 Rbd8 21. Be3 Qd6 22. Rab3 Na5 23. R3b2 Na4 24. Nf5 Qd7 25. Qh4 Nxb2 26.
Nxh6+ gxh6 27. Bxh6 Qf5 28. Rxb2 Rd6 29. Rb4 Rg6 30.
Be3 b6 31. Re4 Nc6 32. Rc4 b5 33. Rc5 Kg7 34. Qe4 Qxe4 35. dxe4 Rd8 0-1

[Event "*** SCC Grand Prix: Titled Tuesday Blitz"]
[Site "Chess.com"]
[Date "2020.08.25"]
[Round "4"]
[White "MuradNuri"]
[Black "Gahan-MG"]
[Result "1-0"]
[WhiteElo "2476"]
[BlackElo "2654"]
[TimeControl "180+1"]
[EndTime "10:40:54 PDT"]
[Termination "MuradNuri won by resignation"]

1. e4 c5 2. Nf3 e6 3. c3 Nf6 4. e5 Nd5 5. d4 cxd4 6. cxd4 d6 7.
Bc4 Be7 8. O-O Nb6 9. Bd3 Nc6 10. Nc3 O-O 11. Qe2 d5 12. Bf4 Bd7 13. h4 Bxh4 14. g3 Be7 15. Kg2 Re8 16. Bxh7+ Kxh7 17. Ng5+ Bxg5 18.
Qh5+ Bh6 19. Bxh6 g6 20. Qf3 Kg8 21. Qf4 f5 22. Bg5 Re7 23. Rh1 Qf8 24. Bf6 Rg7 25. Rh6 Kf7 26. Rah1 Rg8 27. Rh7+ Ke8 28. Nb5 Rc8 29. Nd6+ Qxd6 30. exd6 Nc4 31. Be5 g5 32. Rh8 N6xe5 33. Rxg8+ Kf7 34. Qxg5 Rxg8 35. Rh7+ Rg7 36.
Qxg7+ 1-0

[Event "*** SCC Grand Prix: Titled Tuesday Blitz"]
[Site "Chess.com"]
[Date "2020.08.25"]
[Round "4"]
[White "colegiodemadrid"]
[Black "chessdjw"]
[Result "1-0"]
[WhiteElo "2429"]
[BlackElo "2583"]
[TimeControl "180+1"]
[EndTime "10:40:54 PDT"]
[Termination "colegiodemadrid won on time"]

1. e4 Nf6 2. e5 Nd5 3. c4 Nb6 4. d4 d6 5. exd6 cxd6 6. Nc3 g6 7. a4 Bg7 8. a5 N6d7 9. Ra3 O-O 10. Nf3 e5 11.
Be2 Nc6 12. d5 Ne7 13. O-O h6 14. h4 f5 15. h5 g5 16. Nb5 Nf6 17. Be3 f4 18. Bxa7 g4 19. Bb6 Qd7 20. Nd2 Nxh5 21. Nc7 f3 22. Nxf3 gxf3 23. Bxf3 Nf4 24. Nxa8 Qf5 25.
Bc7 e4 26. Be2 Be5 27. Rg3+ Kh7 28. Bg4 Qf6 29. Nb6 Bxg4 30. Rxg4 Neg6 31. Nd7 Qf5 32. Nxf8+ Qxf8 33. Rxg6 Nxg6 34. Qg4 Qg7 35. Bb6 Qf7 36. Qxe4 Bxb2 37. c5 dxc5 38. d6 Be5 39. Bc7 Qe6 40. Re1 c4 41. f4 Bd4+ 42. Kf1 Qf6 43. d7 c3 44. d8=Q Qa6+ 45. Qe2 1-0

[Event "*** SCC Grand Prix: Titled Tuesday Blitz"]
[Site "Chess.com"]
[Date "2020.08.25"]
[Round "4"]
[White "Klavdia_Nik"]
[Black "Chess_Dog06"]
[Result "1-0"]
[WhiteElo "2069"]
[BlackElo "2290"]
[TimeControl "180+1"]
[EndTime "10:40:54 PDT"]
[Termination "Klavdia_Nik won by resignation"]

1. Nf3 Nf6 2. c4 e6 3. b3 d5 4.
Bb2 Be7 5. g3 O-O 6. Bg2 c5 7. O-O d4 8. b4 Nc6 9. bxc5 e5 10. d3 Nd7 11. Nbd2 f6 12. Ba3 Bxc5 13. Bxc5 Nxc5 14. Rb1 Be6 15. Nb3 Na4 16. Nbxd4 exd4 17. Qxa4 Rb8 18. Nd2 Bg4 19. Rfe1 Re8 20. Nf3 Qd6 21.
Rb2 Re7 22. h3 Bh5 23. Qb5 Bg6 24. Nh4 Be8 25. Nf5 Qa3 26. Nxe7+ Nxe7 27. Qb3 Qa5 28. Reb1 b6 29. Qb4 Qxb4 30. Rxb4 Nf5 31. Bf3 Bd7 32.
a4 Re8 33. a5 bxa5 34. Rb7 Ba4 35. Rxa7 Bc2 36. Rc1 Bb3 37. Rxa5 Nd6 38. Rb1 Bc2 39. Rb2 Bd1 40. Rd5 Nf7 41. Rxd4 Ne5 42. Re4 Nxf3+ 43. exf3 Rd8 44. Re3 1-0

[Event "*** SCC Grand Prix: Titled Tuesday Blitz"]
[Site "Chess.com"]
[Date "2020.08.25"]
[Round "4"]
[White "grandcoach"]
[Black "annamaja"]
[Result "0-1"]
[WhiteElo "2094"]
[BlackElo "2266"]
[TimeControl "180+1"]
[EndTime "10:40:54 PDT"]
[Termination "annamaja won on time"]

1. e4 e6 2. Nf3 d5 3. e5 c5 4.
b4 cxb4 5. a3 Nc6 6. axb4 Bxb4 7. c3 Bf8 8. d4 Nge7 9. Bd3 Nf5 10. h4 Be7 11. h5 Bd7 12. Na3 Rc8 13. Nc2 Na5 14. g4 Nh4 15. Nxh4 Bxh4 16. Rxa5 Qxa5 17. Rxh4 Qxc3+ 18. Ke2 Ba4 19. Rh3 Bxc2 20. Bb5+ Kf8 21. Qh1 Qxd4 22. Ba3+ Kg8 23. h6 Be4 24. Qe1 Bg2 25.
Rd3 Rc2+ 26. Kd1 Qa1+ 27. Kxc2 Qxe1 28. Rc3 Be4+ 29. Kb3 Qb1+ 30. Ka4 gxh6 31. f3 Bc2+ 32. Ka5 b6+ 33. Ka6 Kg7 34. Be7 Rb8 35. Bf6+ Kg6 0-1

[Event "*** SCC Grand Prix: Titled Tuesday Blitz"]
[Site "Chess.com"]
[Date "2020.08.25"]
[Round "4"]
[White "mbojan"]
[Black "remi04"]
[Result "1-0"]
[WhiteElo "2801"]
[BlackElo "2595"]
[TimeControl "180+1"]
[EndTime "10:40:55 PDT"]
[Termination "mbojan won by resignation"]

1. e4 c5 2. Nf3 d6 3. d4 cxd4 4. Nxd4 Nf6 5. Nc3 a6 6. Bg5 e6 7. f4 h6 8. Bh4 Qb6 9. Qd2 Be7 10. O-O-O Nbd7 11. g4 Qc7 12. Bxf6 Bxf6 13. h4 Be7 14. g5 hxg5 15. Bh3 Nb6 16. hxg5 Nc4 17. Qd3 b5 18. g6 Rh6 19. gxf7+ Kxf7 20. Bxe6+ Bxe6 21. Rxh6 Bg4 22. Rhh1 Bxd1 23. Rxd1 Qa5 24. Nb3 Qd8 25. Kb1 Ra7 26. e5 Kg8 27. Qd5+ Kf8 28. Rh1 Bh4 29. exd6 Rf7 30.
a4 Rxf4 31. axb5 axb5 32. Qxb5 Nxd6 33. Qh5 Kg8 34. Nd5 Rf5 35. Qxh4 Qxh4 36. Rxh4 Rxd5 37. c4 g6 38. cxd5 Nf5 1-0

[Event "*** SCC Grand Prix: Titled Tuesday Blitz"]
[Site "Chess.com"]
[Date "2020.08.25"]
[Round "4"]
[White "Djager97"]
[Black "Jungle_Jaguar"]
[Result "0-1"]
[WhiteElo "2453"]
[BlackElo "2640"]
[TimeControl "180+1"]
[EndTime "10:40:55 PDT"]
[Termination "Jungle_Jaguar won on time"]

1. e4 e5 2. Nf3 Nc6 3. d4 exd4 4. Nxd4 Nf6 5. Nxc6 bxc6 6. e5 Qe7 7. Qe2 Nd5 8.
c4 Ba6 9. b3 g6 10. g3 Bg7 11.
Bb2 O-O 12. Bg2 Rfe8 13. O-O d6 14. Qd2 Bxe5 15. cxd5 Bxf1 16. Bxf1 cxd5 17. Nc3 c6 18. Re1 Qf6 19. Bg2 Bd4 20. Rd1 Be5 21. Na4 Bxb2 22.
Nxb2 Re7 23. Nd3 Rae8 24. Bf1 Re4 25. Rc1 c5 26. Nf4 Rd4 27. Qc3 Qe5 28. Bg2 Rxf4 29.
gxf4 Qxf4 30. h3 d4 31. Qc2 d3 32. Qc3 Re2 33. Rf1 d2 34. Qf3 Qe5 0-1

[Event "*** SCC Grand Prix: Titled Tuesday Blitz"]
[Site "Chess.com"]
[Date "2020.08.25"]
[Round "4"]
[White "nocnypako"]
[Black "rynos0411"]
[Result "0-1"]
[WhiteElo "2593"]
[BlackElo "2439"]
[TimeControl "180+1"]
[EndTime "10:40:55 PDT"]
[Termination "rynos0411 won on time"]

1. d4 d5 2. c4 c6 3. Nf3 Nf6 4.
Nc3 e6 5. Bg5 Nbd7 6. e3 Qa5 7.
cxd5 Nxd5 8. Qd2 Nxc3 9. bxc3 Bd6 10. Bd3 O-O 11. O-O b6 12. a4 Ba6 13. Bxa6 Qxa6 14. a5 bxa5 15. Qa2 Bc7 16. c4 Nb6 17. c5 Nd5 18. e4 Nb4 19. Qd2 Rab8 20. Be7 Rfe8 21. Qg5 h6 22. Qh4 Bd8 23. Bxd8 Rexd8 24. h3 a4 25. g4 Qd3 26. Qg3 Qxe4 27. Rxa4 a6 28. Re1 Qd5 29. Rb1 Qc4 30. Qc7 Rdc8 31. Qa7 Qd3 32.
Raxb4 Rxb4 33. Rxb4 Qxf3 34. Qxa6 Rd8 35. Qb6 Rd7 36. Qb8+ Kh7 37. Qe8 Ra7 38. Rb1 Ra2 39. Rf1 Rd2 40. Qd7 Qxh3 41. Qxc6 Rxd4 42. f3 Rd2 43. Rf2 Qg3+ 0-1

[Event "*** SCC Grand Prix: Titled Tuesday Blitz"]
[Site "Chess.com"]
[Date "2020.08.25"]
[Round "4"]
[White "chessplayer9919"]
[Black "mapleaff"]
[Result "1-0"]
[WhiteElo "2598"]
[BlackElo "2341"]
[TimeControl "180+1"]
[EndTime "10:40:56 PDT"]
[Termination "chessplayer9919 won by resignation"]

1. d4 Nf6 2. c4 e6 3. Nf3 d5 4. g3 Be7 5. Bg2 O-O 6. O-O dxc4 7. Qc2 b6 8. Bg5 Bb7 9. Qxc4 Nbd7 10. Nc3 h6 11.
Bxf6 Nxf6 12. Ne5 Bxg2 13. Kxg2 c5 14. Nc6 Qc7 15. Nxe7+ Qxe7 16. dxc5 bxc5 17. b3 Rfd8 18. Rfd1 Nd7 19. Ne4 Rac8 20. Rac1 Nb6 21. Qb5 Rxd1 22.
Rxd1 c4 23. bxc4 Rxc4 24. Nd6 Rc7 25. Qe5 Rd7 26. Rd3 Nd5 27. Ne4 f6 28. Qb8+ Rd8 29.
Qb3 Kf7 30. Nd2 Nc7 31. Ne4 Rxd3 32. Qxd3 Nd5 33. Nd2 Qb7 34. e4 Ne7 35. Nb3 Qc7 36. Qa6 g5 37. Nd4 Qd7 38. Nb5 Qd3 39. Nd6+ Kf8 40.
Qxd3 1-0

[Event "*** SCC Grand Prix: Titled Tuesday Blitz"]
[Site "Chess.com"]
[Date "2020.08.25"]
[Round "4"]
[White "Aleksey_Sorokin"]
[Black "Zhani-Z"]
[Result "1-0"]
[WhiteElo "2714"]
[BlackElo "2484"]
[TimeControl "180+1"]
[EndTime "10:40:57 PDT"]
[Termination "Aleksey_Sorokin won on time"]

1. d4 Nf6 2. c4 e6 3. Nf3 d5 4. g3 Bb4+ 5. Bd2 a5 6. Bg2 dxc4 7. Qc2 Bxd2+ 8. Qxd2 c6 9. a4 O-O 10. Na3 Ne4 11. Qc1 Nd6 12. Nxc4 Nxc4 13. Qxc4 Na6 14. O-O Nb4 15. Rad1 b6 16. Rfe1 Ba6 17. Qc1 Rc8 18.
Ne5 Qe7 19. Qb1 Rfd8 20. Be4 g6 21. h4 c5 22. dxc5 Qxc5 23. Nf3 f5 24. Bd3 Bb7 25. Bb5 e5 26. Bd7 Rb8 27. h5 Kg7 28. Bxf5 Bxf3 29.
exf3 gxf5 30. Qxf5 Qe7 31. Rxd8 Rxd8 32. Rxe5 Qf6 33.
h6+ Qxh6 34. Re7+ Kg8 35. Kg2 Rf8 36. Qg4+ Qg6 37. Qxg6+ hxg6 38. Re6 Kg7 39. Rxb6 Rc8 40. Rb5 Rc2 41. Rxa5 Nd3 42. f4 Rxf2+ 43. Kh3 Rxb2 44. Rd5 Nf2+ 45. Kh4 Ra2 46. Rd4 Ra3 47. Rd7+ Kf6 48.
Rd6+ Kf7 49. Rd4 1-0